 BcadrenCrawl: Boulder Brew version 0.04.2-10-g17648f679b (webtiles) character file.

Game seed: 9513677230309544960, levelgen mode: deterministic

58 gruber the Chopper (level 4, 35/35 HPs) Hill Orc Demonspawn. Began on May 2, 2021. Quit the game on level 1 of the Dungeon. The game lasted 00:00:33 (320 turns).

gruber the Chopper (Hill Orc Demonspawn)             Turns: 320, Time: 00:00:34

Health: 35/35      AC:  5    Str: 16    XL:     4 ^: 81
Magic:  6/6        EV: 12    Int: 13    God:
Gold:   19         SH:  0    Dex: 10    Spells: 4/5 levels left

rFire    . . .     Vision   .   a - +0 war axe
rCold    . . .     Gourm    .   (no weapon)
rNeg     . . .     Faith    .   b - +0 leather armour
rPois    .         Spirit   .   (helmet restricted)
rElec    .         Reflect  .   (no cloak)
rCorr    .         Harm     .   (no gloves)
MR       .....                  (no boots)
Stlth    +.........             (no amulet)
HPRegen  0.21/turn              (no ring)
MPRegen  0.16/turn              (no ring)

@: no status effects
A: horns 1, molten scales 1
a: no special abilities


You were on level 1 of the Dungeon.
You were not hungry.

You visited 1 branch of the dungeon, and saw 1 of its levels.

You collected 19 gold pieces.

Inventory:

Weapons
 a - a +0 war axe (weapon)
Armour
 b - a +0 leather armour (worn)
Scrolls
 c - a scroll of blinking
 f - a scroll of magic mapping
 g - a scroll of teleportation
Potions
 e - a potion of heal wounds
Comestibles
 d - 3 rations


   Skills:
 - Level 1.2 Fighting
 + Level 5.2 Axes & Hammers
 - Level 2.4 Dodging
 - Level 1.5 Stealth
 - Level 1.0 Spellcasting
 - Level 2.1 Fire Magic
   Level 3.6 Invocations


You had 4 spell levels left.
You knew the following spells:

 Your Spells              Type           Power        Failure   Level  Hunger
a - Flame Tongue          Fire           6 (30)       13%         1    ##.....

Your spell library contained the following spells:

 Spells                   Type           Power        Failure   Level  Hunger
 Conjure Flame            Fire           6 (100)      36%         3    ####...
 Blink                    Tloc           N/A          43%         2    ###....
 Call Imp                 Summ           0 (100)      43%         2    ###....
 Slow                     Hex            0 (100)      43%         2    ###....
 Mephitic Cloud           Pois/Air       0 (100)      67%         3    ####...


Dungeon Overview and Level Annotations

Branches:
Dungeon (1/8)

Altars:


Innate Abilities, Weirdness & Mutations

You have a pair of small horns on your head.
You are partially covered in molten scales. (AC +2)


Message History

You see here a +0 mace.
Found a +0 pair of boots.
A kobold is nearby!
The kobold hits you but does no damage.
A rat comes into view.
You see here a scroll of random uselessness.
There are monsters nearby!
You slash the kobold (15)!
You kill the kobold!
You have reached level 4!
Your demonic ancestry asserts itself...
A pair of horns grows on your head!
A bat comes into view.
The bat moves out of view.
You see here a kobold corpse.
You slash the rat (7)!
You kill the rat!
You slash the bat (13)!
You kill the bat!
Are you sure you want to abandon this character and quit the game? (Confirm with "yes".)

#...........## #.##
#..............# #..#
#...........##.#####
##.#
###.####.#.#.#.#.#.#
#.# #..?..............
#.# ###...†##.#.#.#.#.#
#.. #..................
##.
#.######.#.#.#.#†#.#[#.
#. # #.^..).?@†>.....
## #.#.#.#.#≈#≈#.#. #
#.....##### # ####### #


There were no monsters in sight!

Vanquished Creatures
  3 giant cockroaches (D:1)
  A dart slug (D:1)
  A leopard gecko (D:1)
  A goblin (D:1)
  A hobgoblin (D:1)
  3 kobolds (D:1)
  3 bats (D:1)
  2 rats (D:1)
15 creatures vanquished.

Notes
Turn   | Place    | Note
-------+----------+-------------------------------------------
     0 | D:1      | gruber the Hill Orc Demonspawn began the quest for the Orb.
     0 | D:1      | Reached XP level 1. HP: 16/16 MP: 3/3
    54 | D:1      | Reached skill level 3 in Axes & Hammers
    88 | D:1      | Reached skill level 4 in Axes & Hammers
    88 | D:1      | Gained mutation: You are partially covered in molten
                  | scales. (AC +2) [demonic ancestry]
    88 | D:1      | Reached XP level 2. HP: 18/23 MP: 4/4
   225 | D:1      | Reached XP level 3. HP: 28/28 MP: 5/5
   230 | D:1      | Reached skill level 5 in Axes & Hammers
   316 | D:1      | Gained mutation: You have a pair of small horns on your
                  | head. [demonic ancestry]
   316 | D:1      | Reached XP level 4. HP: 35/35 MP: 6/6
   320 | D:1      | Quit the game

Levels and vault maps discovered:
D:1:      lemuel_arrival_river_ford, layout_basic, first_ration, st_stairs_12,
          minmay_pentomino_v2

Skill      XL: |  1  2  3 |
---------------+----------+-----
Axes & Hammers | 4 5 |  5.2
Fighting       | |  1.2
Dodging        | |  2.4
Stealth        | |  1.5
Spellcasting   | |  1.0
Fire Magic     | |  2.1
Invocations    | |  3.6

Action                   |  1- 3 |  4- 6 || total
-------------------------+-------+-------++-------
Melee: War axe           |    21 |     2 ||    23
       Unarmed           |     9 |       ||     9
 Stab: Sleeping          |     1 |       ||     1
Armor: Leather armour    |     3 |       ||     3
Dodge: Dodged            |    12 |       ||    12
